 Dungeon Crawl Stone Soup version 0.24-a0-584-g9d6b971 (webtiles) character file.

Game seed: 13858567993128342289, levelgen mode: classic

181770 Dorkslayer the Severer (level 17, -41/156 HPs)
             Began as a Minotaur Fighter on Aug 27, 2019.
             Was the Champion of the Shining One.
             Killed from afar by a tengu reaver (48 damage)
             ... with a bolt of poison
             ... on level 3 of the Depths on Aug 29, 2019.
             The game lasted 02:55:42 (24711 turns).

Dorkslayer the Severer (Minotaur Fighter)          Turns: 24711, Time: 02:55:43

Health: -41/156    AC: 27    Str: 27    XL:     17   Next: 68%
Magic:  24/24      EV: 15    Int:  5    God:    the Shining One [******]
Gold:   201        SH: 20    Dex: 16    Spells: 16/16 levels left

rFire    + + .     SeeInvis .   I - +9 war axe (holy)
rCold    . . .     Gourm    .   c - +3 shield
rNeg     + + +     Faith    .   b - +2 plate armour {rF+}
rPois    .         Spirit   .   K - +2 hat {MR+}
rElec    .         Reflect  +   Z - +1 cloak
rCorr    .         Harm     .   t - +0 pair of gloves
MR       ++...                  g - +0 pair of boots
Stlth    ..........             w - +2 amulet of reflection
HPRegen  0.36/turn              r - +5 ring of dexterity
MPRegen  0.19/turn              a - +3 ring of slaying

@: lethally poisoned (-41 -> -76), glowing
A: retaliatory headbutt, horns 2, iridescent scales 1, fire resistance 1, wild
magic 1, MP-powered wands
a: Divine Shield, Cleansing Flame, Summon Divine Warrior, Renounce Religion


You were on level 3 of the Depths.
You worshipped the Shining One.
The Shining One was exalted by your worship.
You were not hungry.

You visited 5 branches of the dungeon, and saw 27 of its levels.
You also visited: Ossuary and Ice Cave.

You collected 2910 gold pieces.
You spent 2709 gold pieces at shops.

Inventory:

Hand Weapons
 f - a +5 scimitar of flaming
 I - a +9 war axe of holy wrath (weapon)
 L - a +1 war axe of chopping
Missiles
 u - 22 boomerangs (quivered)
 B - 4 silver boomerangs
Armour
 b - a +2 plate armour of fire resistance (worn)
 c - a +3 shield (worn)
 g - a +0 pair of boots (worn)
 q - a +2 buckler of cold resistance
 t - a +0 pair of gloves (worn)
 K - a +2 hat of magic resistance (worn)
 R - a scarf of cloud immunity
 Z - a +1 cloak (worn)
Jewellery
 a - a +3 ring of slaying (right hand)
 k - an uncursed ring of protection from cold
 r - a +5 ring of dexterity (left hand)
 w - a +2 amulet of reflection (around neck)
 C - an uncursed ring of protection from fire
 D - the ring of Ezepro {rPois Dex+2}
   (You bought it in a shop on level 2 of the Orcish Mines)

   [ring of poison resistance]

   It affects your dexterity (+2).
   It protects you from poison.
 H - an uncursed ring of protection from magic
 U - an uncursed ring of resist corrosion
Wands
 p - a wand of flame (46)
 v - a wand of enslavement (8)
 E - a wand of acid (37)
 G - a wand of digging (1)
 T - a wand of iceblast (10)
 X - a wand of paralysis (8)
Scrolls
 e - 4 scrolls of enchant armour
 l - 15 scrolls of teleportation
 o - 7 scrolls of remove curse
 x - 5 scrolls of immolation
 y - 6 scrolls of magic mapping
 z - 2 scrolls of identify
 N - a scroll of enchant weapon
 O - 4 scrolls of fog
 S - 2 scrolls of silence
Potions
 h - 3 potions of cancellation
 i - a potion of agility
 j - 7 potions of brilliance
 m - 2 potions of might
 s - 7 potions of haste
 A - 4 potions of mutation
 J - 2 potions of magic
 M - 10 potions of flight
 Q - a potion of ambrosia
 V - a potion of curing
Miscellaneous
 d - a lamp of fire (inert)
 P - a box of beasts
 Y - a phantom mirror
Comestibles
 n - 33 rations
 F - 13 chunks of flesh


   Skills:
 * Level 15.3 Fighting
 + Level 0.6 Long Blades
 + Level 16.8 Axes
 * Level 10.0 Throwing
 * Level 13.5 Armour
 * Level 11.4 Dodging
 + Level 0.3 Stealth
 * Level 15.3 Shields
 * Level 11.0 Invocations
 * Level 9.1 Evocations


You had 16 spell levels left.
You didn't know any spells.
Your spell library contained the following spells:

 Spells                   Type           Power        Failure   Level  Hunger
 Flame Tongue             Conj/Fire      #....        99%         1    ##.....
 Magic Dart               Conj           #...         99%         1    ##.....
 Sandblast                Erth           #.....       99%         1    ##.....
 Sting                    Conj/Pois      #...         99%         1    ##.....
 Summon Butterflies       Summ           #.......     99%         1    ##.....
 Passwall                 Tmut/Erth      #.......     100%        2    ###....
 Poisonous Vapours        Pois/Air       #.....       100%        2    ###....
 Searing Ray              Conj           #.....       100%        2    ###....
 Throw Flame              Conj/Fire      #.....       100%        2    ###....
 Call Canine Familiar     Summ           #.......     100%        3    ####...
 Conjure Flame            Conj/Fire      #.......     100%        3    ####...
 Dazzling Spray           Conj/Hex       #.....       100%        3    ####...
 Mephitic Cloud           Conj/Pois/Air  #.......     100%        3    ####...
 Stone Arrow              Conj/Erth      #.....       100%        3    ####...
 Force Lance              Conj/Tloc      #.......     100%        4    #####..
 Fulminant Prism          Conj/Hex       #.........   100%        4    #####..
 Iskenderun's Mystic Bla  Conj           #.......     100%        4    #####..
 Olgreb's Toxic Radiance  Pois           #.......     100%        4    #####..
 Petrify                  Tmut/Erth      #.......     100%        4    #####..
 Summon Ice Beast         Ice/Summ       #.......     100%        4    #####..
 Summon Lightning Spire   Summ/Air       #.......     100%        4    #####..
 Lee's Rapid Deconstruct  Erth           #.........   100%        5    ######.
 Silence                  Hex/Air        #.........   100%        5    ######.
 Summon Mana Viper        Hex/Summ       #.......     100%        5    ######.
 Venom Bolt               Conj/Pois      #.........   100%        5    ######.
 Conjure Ball Lightning   Conj/Air       #.........   100%        6    #######
 Deflect Missiles         Chrm/Air       #.........   100%        6    #######
 Freezing Cloud           Conj/Ice/Air   #.........   100%        6    #######
 Ring of Flames           Chrm/Fire      #.........   100%        7    #######
 Summon Hydra             Summ           #.........   100%        7    #######
 Tornado                  Air            #.........   100%        9    #######


Dungeon Overview and Level Annotations

Branches:
Dungeon (15/15)            Temple (0/1) D:7            Lair (6/6) D:9
  Swamp (0/4) Lair:4       Spider (1/4) Lair:2        Slime (0/5) Lair:6
    Orc (2/2) D:10            Elf (0/3) Orc:2        Vaults (0/5) D:13
 Depths (3/5) D:15        Ossuary (visited)           IceCv (visited)

Altars:
Elyvilon
Fedhas
Gozag
Makhleb
Okawaru
Sif Muna
Uskayaw
Xom
Yredelemnul
The Shining One
Jiyva

Shops:
D:4 %   D:9 [   D:10 [(   D:14 !   Orc:2 *[=(

Portals:
Hell: Depths:1 Depths:2 Depths:3
Pandemonium: Depths:3
Ziggurat: Depths:2

Annotations:
D:8 3 runed translucent doors


Innate Abilities, Weirdness & Mutations

You reflexively headbutt those who attack you in melee.
You have a pair of horns on your head.
You are partially covered in iridescent scales. (AC +2)
Your flesh is heat resistant. (rF+)
Your spells are a little harder to cast, but a little more powerful.
You expend magic power (3 MP) to strengthen your wands.


Message History

* * * LOW HITPOINT WARNING * * *
Unknown command.
The tengu reaver casts a spell at you. The blast of poison engulfs you!
You are poisoned.
* * * LOW HITPOINT WARNING * * *
There is an open door, spattered with blood here.
Unknown command.
You are engulfed in poison gas.
You are lethally poisoned!
* * * LOW HITPOINT WARNING * * *
You feel sick.
Things that are here:
a +0 arbalest; 15 bolts
* * * LOW HITPOINT WARNING * * *
You feel sick. The tengu reaver casts a spell at you.
The bolt of poison hits you!!!
You are more poisoned.
You die...

#....##### #.... ...# .
#### #..##...# .. ##..#
#.)#....#... ###...+
#○○'......#
##.....####+##○.#*((.###
+##.......'..(☼○○○.).###
..[...#####..☼○#○Q)###
([#.###.....(..)@###
..###........(.###
....'........###
....#..##..###
....#'##...#
..###......###
###.####.....###
.......#.......###
.....###.........###


You could see a tengu reaver and a battlesphere.

Vanquished Creatures
  Margery (Depths:3)
  Frederick (Depths:3)
  Jorgrun (D:13)
  A lich (Depths:3)
  A tentacled monstrosity (Depths:2)
  Kirke (Lair:4)
  A tengu reaver (Depths:1)
  2 orc warlords (Orc:2)
  2 frost giants (Depths:2)
  A fire giant (Depths:1)
  2 very ugly things (Depths:2)
  5 stone giants
  Nessos (Lair:6)
  The ghost of slippy the Carver, a journeyman NaFi of Okawaru (Lair:3)
  A vampire knight (Depths:2)
  Azrael (D:14)
  Snorg (Orc:1)
  4 fire dragons
  3 ettins
  A yaktaur captain (D:15)
  Josephine (D:13)
  A rakshasa (Depths:3)
  6 great orbs of eyes
  2 ice dragons
  6 hydras
  2 death knights (D:15)
  The ghost of Despondentz the Champion of Chaos, a journeyman DsFi of Makhleb (Lair:1)
  3 catoblepae
  6 centaur warriors
  3 ogre magi
  3 dancing weapons
  4 tengu warriors
  10 two-headed ogres
  3 orc high priests
  8 deep troll shamans
  3 death yaks (Lair:5)
  Urug (Lair:4)
  2 deep troll earth magi (Depths:1)
  Sonja (Lair:4)
  10 hell knights
  5 iron trolls
  2 glowing orange brains
  2 flayed ghosts (Depths:1)
  4 unseen horrors
  15 deep trolls
  A swamp dragon (shapeshifter) (D:13)
  Pikel (D:6)
  2 necromancers
  An orc knight (Orc:2)
  4 oklob plants (Lair:4)
  2 wolf spiders
  18 ugly things
  8 orc sorcerers
  5 manticores
  A cyclops (D:14)
  6 black mambas
  7 elephants
  2 torpor snails
  2 gargoyles
  2 ice statues (IceCv)
  13 spiny frogs
  A yaktaur zombie (Depths:1)
  6 yaktaurs (Depths:3)
  2 rime drakes
  A freezing wraith (D:15)
  11 komodo dragons
  2 tengu conjurers (Depths:1)
  A yaktaur skeleton (Depths:1)
  A polar bear (shapeshifter) (Depths:3)
  6 polar bears
  6 trolls
  Grinder (D:3)
  5 hornets
  3 tyrant leeches (Lair:4)
  Prince Ribbit (D:8)
  6 hippogriffs
  9 slime creatures
  12 blink frogs
  7 dream sheep
  Sigmund (D:5)
  7 redbacks
  A spriggan (shapeshifter) (Depths:3)
  A shadow (D:12)
  42 yaks
  4 tarantellas
  2 vampires
  12 spriggans (Lair:6)
  7 wyverns
  2 fire elementals (D:14)
  9 wraiths
  3 hogs (Lair:4)
  2 hungry ghosts
  3 basilisks
  2 vampire mosquitoes (D:15)
  Menkaure (D:6)
  3 wargs
  Edmund (D:6)
  7 swamp worms (Lair:4)
  8 water moccasins
  4 hell hounds (D:14)
  15 porcupines
  A slave (D:6)
  12 ice beasts
  23 orc warriors
  3 eyes of draining
  6 black bears
  10 boggarts
  A phantom (D:9)
  20 wolves
  3 sky beasts
  29 ogres
  8 centaurs
  10 crocodiles
  21 bullfrogs
  3 wyvern zombies
  2 elf zombies (Ossuary)
  A gnoll sergeant (D:7)
  A glowing shapeshifter simulacrum (Depths:1)
  5 scorpions
  17 killer bees
  12 wights
  5 howler monkeys
  7 crimson imps
  5 centaur zombies
  3 bullfrog zombies
  A lava snake (D:15)
  3 bullfrog skeletons
  5 hounds
  A human zombie (Ossuary)
  18 orc priests
  9 jellies
  19 orc wizards
  8 centaur skeletons
  4 iguanas
  6 hell rats (Lair:5)
  13 worker ants
  A killer bee zombie (D:7)
  A hound zombie (D:6)
  3 hound skeletons
  2 mummies (Ossuary)
  15 gnolls
  3 howler monkey skeletons
  11 adders
  2 worker ant zombies
  4 shadow imps
  4 oozes
  An adder zombie (D:9)
  2 worms
  12 leopard geckos
  86 orcs
  8 giant cockroaches
  9 goblins
  6 hobgoblins
  16 jackals
  5 quokkas
  A ball python zombie (D:6)
  12 bats
  7 frilled lizards
  12 hobgoblin zombies (Ossuary)
  A jackal skeleton (D:7)
  A jackal zombie (Ossuary)
  11 kobolds
  7 kobold zombies (Ossuary)
  10 orc zombies (Ossuary)
  11 rats
  A rat zombie (Ossuary)
  A bush (Lair:6)
  39 fungi
  13 plants
1042 creatures vanquished.

Vanquished Creatures (collateral kills)
  An ettin (Depths:3)
  A two-headed ogre (D:15)
  A deep troll earth mage (Depths:3)
  A yaktaur (Depths:3)
  A freezing wraith (D:15)
  A warg (Orc:1)
  An orc warrior (Orc:1)
  An orc wizard (Orc:1)
  3 orcs (Orc:1)
11 creatures vanquished.

Vanquished Creatures (others)
  2 yaktaurs
  3 humans (Lair:4)
  An ogre (Orc:2)
  A bullfrog (Lair:4)
  10 fungi
  7 plants
24 creatures vanquished.

Grand Total: 1077 creatures vanquished

Notes
Turn   | Place    | Note
-------+----------+-------------------------------------------
     0 | D:1      | Dorkslayer the Minotaur Fighter began the quest for the
                  | Orb.
     0 | D:1      | Reached XP level 1. HP: 19/19 MP: 0/0
    66 | D:1      | Reached XP level 2. HP: 23/27 MP: 1/1
   270 | D:1      | Reached XP level 3. HP: 28/33 MP: 2/2
   272 | D:1      | Reached skill level 3 in Axes
   756 | D:2      | Reached XP level 4. HP: 30/40 MP: 3/3
   862 | D:2      | Found a basalt altar of Yredelemnul.
   863 | D:2      | Found a glowing golden altar of the Shining One.
   863 | D:2      | Found a shimmering altar of Xom.
   863 | D:2      | Found a shimmering blue altar of Sif Muna.
   875 | D:2      | Became a worshipper of the Shining One
   885 | D:2      | Found a blossoming altar of Fedhas.
   889 | D:2      | Found a hide-covered altar of Uskayaw.
  1402 | D:2      | Found a faded altar of an unknown god.
  1405 | D:2      | Reached skill level 1 in Dodging
  1664 | D:3      | Reached skill level 4 in Axes
  1696 | D:3      | Reached XP level 5. HP: 35/46 MP: 4/4
  1702 | D:3      | Noticed Grinder
  1730 | D:3      | Paralysed by Grinder for 6 turns
  1737 | D:3      | Killed Grinder
  1737 | D:3      | Reached skill level 5 in Axes
  1737 | D:3      | Reached skill level 5 in Shields
  1737 | D:3      | Reached XP level 6. HP: 23/53 MP: 5/5
  2093 | D:3      | Found an iron altar of Okawaru.
  2574 | D:4      | Reached skill level 6 in Axes
  2633 | D:4      | Reached * piety under the Shining One
  2652 | D:4      | Got an amber-encrusted ring mail
  2798 | D:4      | Reached skill level 5 in Armour
  2798 | D:4      | Reached XP level 7. HP: 47/60 MP: 6/6
  2855 | D:4      | Found Avym's Food Boutique.
  2865 | D:4      | Reached skill level 1 in Invocations
  3173 | D:5      | Entered Level 5 of the Dungeon
  3188 | D:5      | Found a white marble altar of Elyvilon.
  3229 | D:5      | Found a sand-covered staircase.
  3236 | Ossuary  | Entered an ossuary
  3262 | Ossuary  | Reached ** piety under the Shining One
  3339 | Ossuary  | Reached *** piety under the Shining One
  3350 | Ossuary  | Reached skill level 7 in Axes
  3397 | Ossuary  | Reached skill level 5 in Fighting
  3455 | Ossuary  | Reached **** piety under the Shining One
  3481 | D:5      | Reached skill level 8 in Axes
  3481 | D:5      | Reached XP level 8. HP: 68/68 MP: 8/8
  3902 | D:5      | Noticed Sigmund
  3921 | D:5      | Killed Sigmund
  4070 | D:5      | Reached skill level 9 in Axes
  4368 | D:6      | Upgraded the game from 0.24-a0-582-g4d4af81 to
                  | 0.24-a0-584-g9d6b971
  4383 | D:6      | Identified the +2 ring mail "Ruerch Zaate" {Int+4 Dex+3
                  | SInv} (You found it on level 4 of the Dungeon)
  4422 | D:6      | Reached XP level 9. HP: 75/75 MP: 10/10
  4450 | D:6      | Reached ***** piety under the Shining One
  4569 | D:6      | Noticed Pikel
  4599 | D:6      | Killed Pikel
  4599 | D:6      | Reached skill level 10 in Axes
  4599 | D:6      | Reached skill level 1 in Throwing
  4620 | D:6      | Noticed Edmund
  4633 | D:6      | Killed Edmund
  4747 | D:6      | Noticed Menkaure
  4752 | D:6      | Killed Menkaure
  5064 | D:7      | Reached skill level 5 in Invocations
  5068 | D:7      | Reached skill level 11 in Axes
  5073 | D:7      | Found a staircase to the Ecumenical Temple.
  5088 | D:7      | Found an opulent altar of Gozag.
  5592 | D:7      | Reached XP level 10. HP: 82/86 MP: 12/12
  6116 | D:8      | Gained mutation: You are occasionally teleported next to
                  | monsters. [potion of mutation]
  6116 | D:8      | Gained mutation: You have an increased reservoir of magic.
                  | (+10% MP) [potion of mutation]
  6117 | D:8      | Lost mutation: You have an increased reservoir of magic.
                  | (+10% MP) [potion of mutation]
  6117 | D:8      | Lost mutation: You are occasionally teleported next to
                  | monsters. [potion of mutation]
  6117 | D:8      | Gained mutation: Your flesh is heat resistant. (rF+)
                  | [potion of mutation]
  6117 | D:8      | Gained mutation: You are partially covered in iridescent
                  | scales. (AC +2) [potion of mutation]
  6117 | D:8      | Gained mutation: Armour fits poorly on your strangely
                  | shaped body. [potion of mutation]
  6117 | D:8      | Gained mutation: You evolve. [potion of mutation]
  6661 | D:8      | Reached skill level 1 in Evocations
  6683 | D:8      | Identified the +7 dagger "Aseajoann" {protect, rF+ Str+5}
  6749 | D:8      | Noticed Prince Ribbit
  6751 | D:8      | Found a runed translucent gate.
  6758 | D:8      | Found a runed translucent gate.
  6758 | D:8      | Found a runed translucent gate.
  6763 | D:8      | Killed Prince Ribbit
  6771 | D:8      | Found a shimmering altar of Xom.
  6773 | D:8      | Noticed a cyan ugly thing
  6773 | D:8      | Noticed a cyan very ugly thing
  6773 | D:8      | Noticed a purple ugly thing
  6779 | D:8      | Noticed a cyan ugly thing
  6785 | D:8      | Noticed a cyan ugly thing
  6785 | D:8      | Noticed a cyan ugly thing
  6828 | D:8      | Got a tattered robe
  6843 | D:8      | Identified the +0 robe "Venaq" {rF- Str+4} (You found it on
                  | level 8 of the Dungeon)
  7000 | D:9      | Identified a scroll of acquirement
  7069 | D:9      | Found Zopaz's Antique Armour Emporium.
  7081 | D:9      | Reached ****** piety under the Shining One
  7114 | D:9      | Bought a heavily runed chain mail for 266 gold pieces
  7124 | D:9      | Identified the cursed +1 chain mail of the Enchanted Forest
                  | {rElec Str-5 Int+5 SInv} (You bought it in a shop on level
                  | 9 of the Dungeon)
  7313 | D:9      | Reached skill level 12 in Axes
  7319 | D:9      | Found a staircase to the Lair.
  7408 | D:9      | Noticed a two-headed ogre
  7417 | D:9      | Killed a two-headed ogre
  7417 | D:9      | Reached XP level 11. HP: 51/95 MP: 14/14
  7551 | D:10     | Entered Level 10 of the Dungeon
  7629 | D:10     | Noticed an unseen horror
  7633 | D:10     | Killed an unseen horror
  7746 | D:10     | Noticed a two-headed ogre
  7755 | D:10     | Killed a two-headed ogre
  7826 | D:10     | Found Wowninig's Armour Boutique.
  7826 | D:10     | Found a staircase to the Orcish Mines.
  7830 | D:10     | Found Yrhoqow's Weapon Boutique.
  7832 | D:10     | Noticed an unseen horror
  7840 | D:10     | Killed an unseen horror
  8139 | D:11     | Reached skill level 5 in Dodging
  8223 | D:11     | Noticed a fire dragon
  8632 | Orc:1    | Entered Level 1 of the Orcish Mines
  8652 | Orc:1    | Gained mutation: You expend magic power (3 MP) to
                  | strengthen your wands. [evolution]
  8707 | Orc:1    | You fall into a shaft and drop 1 floor!
  8707 | Orc:2    | Entered Level 2 of the Orcish Mines
  8718 | Orc:2    | Noticed an orc warlord
  8725 | Orc:2    | Noticed an orc sorcerer
  8731 | Orc:1    | Noticed an orc sorcerer
  8739 | Orc:1    | Killed an orc sorcerer
  8739 | Orc:1    | Reached skill level 13 in Axes
  8819 | Orc:1    | Noticed Snorg
  8852 | Orc:1    | Killed Snorg
  9107 | Orc:1    | Noticed an orc sorcerer
  9118 | Orc:1    | Killed an orc sorcerer
  9232 | Orc:2    | Noticed an orc high priest
  9237 | Orc:2    | Noticed a sixfirhy
  9237 | Orc:2    | Noticed a sun demon
  9237 | Orc:2    | Reached XP level 12. HP: 92/105 MP: 14/16
  9238 | Orc:2    | Paralysed by an orc sorcerer for 4 turns
  9242 | Orc:2    | HP: 5/105 [sun demon[an orc high priest] (6)]
  9248 | Orc:1    | The Shining One protects you from harm!
  9662 | Orc:1    | Killed an orc high priest
  9791 | Orc:2    | Found Entir's General Store.
  9810 | Orc:2    | Gained mutation: Your spells are a little harder to cast,
                  | but a little more powerful. [evolution]
  9998 | Orc:2    | Bought a scroll of fear for 45 gold pieces
  9998 | Orc:2    | Bought a wand of acid (6) for 260 gold pieces
 10079 | Orc:1    | Identified a +9 war axe of holy wrath (a +7 war axe of
                  | venom blessed by the Shining One)
 10079 | Orc:1    | Received a gift from the Shining One
 10102 | Orc:2    | Reached skill level 5 in Throwing
 10114 | Orc:2    | Noticed an orc warlord
 10117 | Orc:2    | Found Wetae's Jewellery Shoppe.
 10127 | Orc:2    | Killed an orc warlord
 10127 | Orc:2    | Reached skill level 10 in Fighting
 10131 | Orc:2    | Noticed an orc high priest
 10140 | Orc:2    | Killed an orc high priest
 10153 | Orc:2    | Found a burning altar of Makhleb.
 10158 | Orc:2    | Reached skill level 10 in Shields
 10160 | Orc:2    | Found Ojeteveb's Antique Weapon Boutique.
 10276 | Orc:2    | Noticed an orc high priest
 10287 | Orc:2    | Killed an orc high priest
 10320 | Orc:2    | Found Dautuv's Antique Armour Emporium.
 10470 | Orc:2    | Lost mutation: Armour fits poorly on your strangely shaped
                  | body. [evolution]
 10470 | Orc:2    | Lost mutation: You evolve. [end of evolution]
 10508 | Orc:2    | Killed an orc warlord
 10514 | Orc:2    | Bought a +3 ring of slaying for 720 gold pieces
 10593 | Orc:2    | Found a staircase to the Elven Halls.
 10666 | Orc:2    | Noticed an ogre mage
 10672 | Orc:2    | Killed an ogre mage
 11068 | D:11     | Reached XP level 13. HP: 114/114 MP: 17/17
 11230 | D:11     | Reached skill level 14 in Axes
 11314 | D:11     | Killed a fire dragon
 11610 | D:11     | Reached skill level 5 in Evocations
 11862 | D:12     | Reached skill level 10 in Armour
 12438 | D:13     | Found a gate to the Vaults.
 12466 | D:13     | Noticed Jorgrun
 12484 | D:13     | Killed Jorgrun
 12485 | D:13     | Noticed Josephine
 12522 | D:13     | Killed Josephine
 13344 | D:14     | Reached XP level 14. HP: 113/124 MP: 14/19
 13359 | D:14     | Found Lostai Biulu's Distillery.
 13368 | D:14     | Bought a potion of berserk rage for 65 gold pieces
 13368 | D:14     | Bought a potion of haste for 130 gold pieces
 13368 | D:14     | Bought a potion of curing for 39 gold pieces
 13521 | D:14     | Noticed Azrael
 13535 | D:14     | Killed Azrael
 13757 | D:15     | Entered Level 15 of the Dungeon
 13939 | D:15     | Reached skill level 15 in Axes
 14381 | D:15     | Found a staircase to the Depths.
 14728 | Lair:1   | Entered Level 1 of the Lair of Beasts
 15019 | Lair:1   | Found a runed translucent gate.
 15019 | Lair:1   | Found a runed translucent gate.
 15022 | Lair:1   | Found a runed translucent gate.
 15032 | Lair:1   | Noticed Despondentz's ghost (journeyman DsFi)
 15034 | Lair:1   | Found a viscous altar of Jiyva.
 15056 | Lair:1   | Killed Despondentz's ghost
 15281 | Lair:2   | Found a frozen archway.
 15285 | IceCv    | Entered an ice cave
 15296 | IceCv    | Found a transporter.
 15326 | IceCv    | Found a transporter.
 15710 | Lair:2   | Reached XP level 15. HP: 117/134 MP: 21/21
 15894 | Lair:2   | Found a hole to the Spider Nest.
 17160 | Lair:3   | Found a runed translucent door.
 17161 | Lair:3   | Found a shimmering altar of Xom.
 17161 | Lair:3   | Noticed slippy's ghost (journeyman NaFi)
 17185 | Lair:3   | Killed slippy's ghost
 17346 | Lair:4   | Noticed Kirke
 17362 | Lair:4   | Killed Kirke
 17870 | Lair:4   | Identified the cursed +1 lajatang "Peaqe" {freeze, +Fly
                  | rElec Int+2 Dex-2} (You found it on level 4 of the Lair of
                  | Beasts)
 17894 | Lair:4   | Found a staircase to the Swamp.
 17895 | Lair:4   | Noticed Sonja
 17902 | Lair:4   | Killed Sonja
 18029 | Lair:4   | Noticed Urug
 18045 | Lair:4   | Killed Urug
 18570 | Lair:5   | Reached skill level 16 in Axes
 18705 | Lair:5   | Identified the Guide on Attacks
 19022 | Lair:5   | Identified the +0 chain mail of Okawaru's Approval {*Slow
                  | rC++ MR++} (You found it on level 5 of the Lair of Beasts)
 19054 | Lair:6   | Entered Level 6 of the Lair of Beasts
 19115 | Lair:6   | Noticed Nessos
 19128 | Lair:6   | Killed Nessos
 19301 | Lair:6   | Reached skill level 10 in Invocations
 19390 | Lair:6   | Reached skill level 10 in Dodging
 19535 | Lair:6   | Reached XP level 16. HP: 129/144 MP: 22/22
 20169 | Lair:6   | Found a viscous altar of Jiyva.
 20169 | Lair:6   | Found a staircase to the Slime Pits.
 20608 | Spider:1 | Entered Level 1 of the Spider Nest
 20620 | Spider:1 | HP: 4/145 [redback (7)]
 20621 | Lair:2   | The Shining One protects you from harm!
 21026 | Orc:2    | Bought the ring of Ezepro {rPois Dex+2} for 499 gold pieces
 21047 | Orc:2    | Bought a transparent chain mail for 256 gold pieces
 21050 | Orc:2    | Identified the +2 chain mail of Valiance {rN+} (You bought
                  | it in a shop on level 2 of the Orcish Mines)
 21069 | Orc:2    | Bought a box of beasts for 260 gold pieces
 21263 | D:14     | Bought a potion of curing for 39 gold pieces
 21263 | D:14     | Bought a potion of haste for 130 gold pieces
 21347 | Depths:1 | Entered Level 1 of the Depths
 21548 | Depths:1 | Found a gateway to Hell.
 21989 | Depths:1 | Noticed a tengu reaver
 22001 | Depths:1 | Killed a tengu reaver
 22788 | Depths:2 | Noticed a tentacled monstrosity
 22794 | Depths:2 | Killed a tentacled monstrosity
 22813 | Depths:2 | Noticed a lich
 22970 | Depths:2 | The Shining One protects you from harm!
 23547 | Depths:2 | Reached XP level 17. HP: 154/154 MP: 23/23
 23673 | Depths:2 | Found a gateway to a ziggurat.
 24006 | Depths:3 | Found a one-way gate leading to the halls of Pandemonium.
 24011 | Depths:3 | Noticed a lich
 24019 | Depths:3 | Killed a lich
 24021 | Depths:3 | Noticed Margery
 24040 | Depths:3 | Killed Margery
 24040 | Depths:3 | Reached skill level 15 in Fighting
 24177 | Depths:3 | Reached skill level 15 in Shields
 24260 | Depths:3 | Noticed Frederick
 24279 | Depths:3 | Killed Frederick
 24564 | Depths:3 | Reached skill level 10 in Throwing
 24711 | Depths:3 | HP: 7/156 [poisoned by a tengu reaver (poison gas)]
 24711 | Depths:3 | Killed from afar by a tengu reaver

Levels and vault maps discovered:
D:1:      dpeg_arrival_tiny_i, layout_basic, nrook_campfire
D:2:      layout_loops_ring, minmay_overflow_temple_hex, first_ration,
          chequers_ecumenical_altar_simple_redux
D:3:      layout_basic, grunt_ministairs_6, chequers_jeans,
          okawaru_altar_gauntlet_db, uniq_grinder
D:4:      layout_loops_ring, serial_shops, kennysheep_mini_moat
D:5:      layout_loops_corners, lightli_ossuary_entry_decrepit_ruins,
          hex_medium, elyvilon_altar_3, uniq_sigmund
D:6:      layout_basic, uniq_edmund, uniq_pikel, uniq_menkaure
D:7:      layout_loops_corners, nicolae_gozag_seed_capital,
          minmay_temple_entry_junction
D:8:      layout_basic, basic_altar,
          ploomutoo_gammafunk_ghost_potion_laboratory, uniq_prince_ribbit1
D:9:      layout_roguey, due_lair_maze_entry_diamond, serial_shops,
          shop_fountains
D:10:     layout_rooms, orc_david_3
D:11:     minmay_slanted_spiral_squares, layout_basic
D:12:     layout_rooms
D:13:     layout_irregular_city, erik_vaults_1, uniq_josephine, uniq_jorgrun
D:14:     layout_rooms, serial_shops, kennysheep_little_box, uniq_azrael
D:15:     hangedman_depths_entry_civil_slaughter, layout_basic,
          chequers_serial_rivers_room_b
Lair:1:   layout_misc_corridors, gammafunk_ghost_ooze, serial_bayou_shore_a
Lair:2:   dragon1_lemuel, layout_chaotic_city, spider_nest_entry_webs,
          portal_ice_cave_entry_pillars_2, lemuel_fruit_tree, grunt_megastairs_4
Lair:3:   layout_cave_shapes, ebering_ghost_xom, grunt_megastairs_1
Lair:4:   layout_roguey, swamp_mist_pool, worms_lemuel,
          minmay_lair_oklob_chamber, uniq_sonja, uniq_kirke, uniq_urug
Lair:5:   layout_hall_layers
Lair:6:   minmay_lair_end_enchanted_forest, layout_hall_layers,
          dpeg_slime_entry_enclosed_altar, uniq_nessos
Spider:1: layout_spider_delve
Orc:1:    layout_caves, uniq_snorg
Orc:2:    grunt_orc_gardens, layout_diamond_mine, grunt_orc_garden,
          grunt_orc_garden, grunt_orc_garden, grunt_orc_garden, basic_altar,
          mines4_lemuel
Depths:1: layout_roguey, pf_dread_powers_of_hell, kennysheep_windowed_goal
Depths:2: minmay_thick_lines, layout_long_grid, enter_ziggurat_e, hell_entry,
          kennysheep_cross_bottleneck, grunt_decor_mini_mirrors,
          serial_bayou_shore_b
Depths:3: minmay_the_grid_triangle_9x9_recursive_3_mashed
          [minmay_the_grid_triangle_9x9_fully_insulated_deathbox,
          minmay_the_grid_triangle_9x9_from_above,
          minmay_the_grid_triangle_9x9_sprig,
          minmay_the_grid_triangle_9x9_prize_insulated,
          minmay_the_grid_triangle_9x9_corrupted_corridor,
          minmay_the_grid_triangle_9x9_odd_lines,
          minmay_the_grid_triangle_9x9_swiss_cheese,
          minmay_the_grid_triangle_9x9_pentomino_pain,
          minmay_the_grid_triangle_9x9_descending_squares], layout_honeycomb,
          abyss_entry, pan_entry, grunt_metal_band, kennysheep_generic_room_12,
          minmay_staircase_windowed_large, uniq_frederick

Skill      XL: |  1  2  3  4  5  6  7  8  9 10 11 12 13 14 15 16 17 |
---------------+----------------------------------------------------+-----
Shields        | 4 5 6 7 8 9 10 11 12 13 14 15 | 15.3
Fighting       | 4 5 6 7 8 9 10 11 12 13 14 15 | 15.3
Armour         | 4 5 6 7 8 9 10 11 12 13 | 13.5
Axes           | 3 4 5 6 8 9 11 12 13 14 15 16 | 16.8
Dodging        | 1 2 3 4 5 7 8 9 10 11 | 11.4
Invocations    | 2 3 5 6 7 8 9 10 11 | 11.0
Throwing       | 1 3 4 5 7 8 9 10 | 10.0
Evocations     | 2 3 4 5 6 7 8 9 |  9.1
Long Blades    | |  0.6
Stealth        | |  0.3

Action                   |  1- 3 |  4- 6 |  7- 9 | 10-12 | 13-15 | 16-18 || total
-------------------------+-------+-------+-------+-------+-------+-------++-------
Melee: War axe           |    79 |   168 |   329 |   534 |   898 |   465 ||  2473
       Headbutt          |     9 |    24 |    71 |   141 |   248 |   190 ||   683
       Scimitar          |       |       |       |       |    10 |     5 ||    15
Throw: Boomerang         |       |       |    17 |    65 |    98 |    49 ||   229
       Javelin           |       |       |       |       |       |    18 ||    18
Invok: Divine Shield     |       |       |       |     3 |     4 |     3 ||    10
       Brand Weapon With |       |       |       |     1 |       |       ||     1
       Cleansing Flame   |       |       |       |       |     3 |     1 ||     4
       Summon Divine War |       |       |       |       |     1 |     1 ||     2
Evoke: Wand              |       |       |       |    22 |    17 |    15 ||    54
       Lamp of fire      |       |       |       |       |       |     2 ||     2
  Use: Scroll            |       |    10 |     5 |    21 |    17 |     6 ||    59
       Potion            |       |     1 |     2 |    17 |     3 |    13 ||    36
  Eat: Chunk             |       |     6 |     5 |    13 |    14 |     4 ||    42
       Ration            |       |       |     2 |     2 |     4 |     4 ||    12
Armor: Scale mail        |    39 |    23 |       |       |       |       ||    62
       Chain mail        |       |    73 |    54 |       |       |       ||   127
       Ring mail         |       |       |    33 |    51 |       |       ||    84
       Plate armour      |       |       |       |    53 |   222 |   151 ||   426
Dodge: Dodged            |    37 |    51 |    84 |   192 |   183 |   147 ||   694
Block: Shield            |    41 |   101 |   149 |   129 |   544 |   365 ||  1329
       Buckler           |       |       |       |   128 |    41 |       ||   169
       Reflection        |       |       |       |       |    29 |    17 ||    46
       Rpst.: Scimitar   |       |       |       |       |     2 |     1 ||     3

Table legend:
 A = Non-vault XP
 B = Vault XP
 C = Vault XP percentage of total XP
 D = Non-vault monster count
 E = Vault monster count
 F = Vault count percentage of total count
                 A         B        C        D         E       F
            +---------+---------+-------+---------+---------+-------
      Total |  180022 |   86905 |  32.6 |     752 |     249 |  24.9
            +---------+---------+-------+---------+---------+-------
        D:1 |      70 |       0 |   0.0 |      34 |       0 |   0.0
        D:2 |      78 |       0 |   0.0 |      21 |       0 |   0.0
        D:3 |      90 |     374 |  80.6 |      33 |      13 |  28.3
        D:4 |     355 |       0 |   0.0 |      20 |       0 |   0.0
        D:5 |     578 |     242 |  29.5 |      12 |       1 |   7.7
        D:6 |    1384 |     982 |  41.5 |      37 |       3 |   7.5
        D:7 |    1324 |       0 |   0.0 |      35 |       0 |   0.0
        D:8 |    1251 |     264 |  17.4 |      20 |       1 |   4.8
        D:9 |    2289 |    1596 |  41.1 |      28 |      12 |  30.0
       D:10 |    3812 |       9 |   0.2 |      32 |       3 |   8.6
       D:11 |    4315 |    3246 |  42.9 |      32 |      17 |  34.7
       D:12 |    7524 |       0 |   0.0 |      48 |       0 |   0.0
       D:13 |    4433 |    6945 |  61.0 |      17 |       8 |  32.0
       D:14 |    7843 |    2164 |  21.6 |      20 |       7 |  25.9
       D:15 |   19185 |    2911 |  13.2 |      43 |       4 |   8.5
     Lair:1 |    3424 |    1386 |  28.8 |      17 |       6 |  26.1
     Lair:2 |   10044 |    1673 |  14.3 |      35 |       4 |  10.3
     Lair:3 |    2150 |    2794 |  56.5 |      10 |       4 |  28.6
     Lair:4 |    3634 |    9528 |  72.4 |      13 |      24 |  64.9
     Lair:5 |   10231 |       0 |   0.0 |      37 |       0 |   0.0
     Lair:6 |   12465 |    9375 |  42.9 |      39 |      41 |  51.2
   Spider:1 |    1842 |       0 |   0.0 |       7 |       0 |   0.0
      Orc:1 |    2632 |    2855 |  52.0 |      28 |       5 |  15.2
      Orc:2 |    3763 |   10221 |  73.1 |      34 |      28 |  45.2
   Depths:1 |   25868 |    1213 |   4.5 |      37 |       3 |   7.5
   Depths:2 |   20837 |    9748 |  31.9 |      25 |       7 |  21.9
   Depths:3 |   28601 |   16223 |  36.2 |      38 |       9 |  19.1
    Ossuary |       0 |     433 | 100.0 |       0 |      39 | 100.0
      IceCv |       0 |    2723 | 100.0 |       0 |      10 | 100.0
            +---------+---------+-------+---------+---------+-------
